Map: 2000 Atmospheres LE

Players

souL

  • Race: Terran Terran

Clem - Winner!

  • Race: Terran Terran

Event: DreamHack SC2 Masters 2021 Fall

VOD

Have the link to the VOD?

Description

Time

  • Played on: Aug. 13, 2021, 11:06 a.m.
  • Length: 17:30

All games in this series

Show
View Real Time Build Order
Export as new Build Order

souL Terran 

Build Orders:  

Get SALT Encoding   

  12  0:00  SCV  
  13  0:12  SCV  
  14  0:17  Supply Depot  
  14  0:24  SCV  
  15  0:38  SCV  
  15  0:39  Barracks  
  16  0:43  Refinery  
  16  0:50  SCV  
  16  0:52  Refinery  
  17  1:03  SCV  
  18  1:15  SCV  
  19  1:26  Reaper  
  19  1:27  Orbital Command  
  20  1:40  Supply Depot  
  20  1:44  Factory  
  20  1:52  SCV  
  21  1:59  Barracks Reactor  
  21  2:04  SCV  
  22  2:17  SCV  
  22  2:22  Command Center  
  23  2:29  SCV  
  24  2:32  Starport  
  24  2:35  Marine  
  24  2:36  Marine  
  26  2:41  SCV  
  27  2:47  Supply Depot, Factory Tech Lab  
  27  2:53  SCV  
  27  2:55  Marine  
  29  2:59  Marine  
  29  3:05  SCV  
  31  3:14  Marine  
  31  3:16  Raven  
  31  3:19  Refinery, Marine  
  35  3:21  Factory Tech Lab  
  35  3:23  SCV  
  36  3:34  Orbital Command  
  36  3:35  SCV  
  36  3:36  Marine  
  36  3:37  Marine  
  39  3:44  Cyclone  
  39  3:48  SCV  
  43  3:53  Marine  
  43  3:55  Marine  
  45  4:00  SCV x2  
  45  4:02  Supply Depot  
  47  4:04  Raven  
  49  4:11  Marine  
  49  4:12  SCV x2  
  49  4:24  SCV x2  
  49  4:26  Marine  
  50  4:36  SCV x2  
  50  4:37  Marine  
  51  4:47  Marine, Raven  
  51  4:48  SCV x2  
  56  4:58  Siege Tank  
  59  5:00  SCV x2  
  59  5:02  Supply Depot  
  61  5:12  SCV  
  62  5:18  Supply Depot  
  62  5:22  Supply Depot  
  62  5:24  SCV x2  
  63  5:30  Siege Tank  
  66  5:36  Supply Depot, SCV x2  
  66  5:42  Viking x2  
  70  5:48  SCV  
  70  5:49  SCV  
  74  5:53  Supply Depot  
  74  5:54  Supply Depot  
  74  5:55  Combat Shield  
  74  5:58  Marine  
  74  6:00  SCV  
  74  6:01  SCV  
  77  6:12  Viking x2  
  77  6:14  SCV  
  77  6:16  Marine  
  83  6:30  Siege Tank  
  83  6:31  SCV  
  87  6:34  SCV, Command Center  
  88  6:43  SCV  
  88  6:46  SCV  
  77  6:49  Viking x2  
  79  6:55  SCV  
  79  6:58  SCV  
  81  7:02  Siege Tank  
  81  7:07  SCV  
  84  7:10  SCV  
  84  7:13  Barracks  
  84  7:15  Barracks  
  85  7:19  SCV, Liberator  
  85  7:22  SCV  
  90  7:26  Liberator  
  90  7:27  Marine  
  93  7:31  SCV  
  93  7:34  SCV  
  95  7:43  SCV  
  94  7:46  SCV  
  94  7:47  Marine  
  88  7:56  SCV  
  87  7:58  SCV  
  87  8:01  Stimpack  
  87  8:02  Viking  
  87  8:04  Barracks Reactor x2  
  87  8:05  Orbital Command, Engineering Bay, Barracks  
  90  8:06  Engineering Bay  
  90  8:07  Barracks  
  90  8:08  SCV  
  90  8:10  Refinery, Viking, SCV  
  92  8:18  Refinery  
  92  8:20  SCV  
  92  8:21  Marine  
  92  8:22  SCV  
  95  8:31  SCV  
  95  8:32  Viking, SCV  
  99  8:35  SCV  
  99  8:38  Marine  
  99  8:40  Viking  
  102  8:43  SCV  
  102  8:44  SCV  
  102  8:47  SCV  
  102  8:48  Siege Tank  
  108  8:49  Marine  
  108  8:55  Marine x5, SCV  
  109  8:56  Marine, SCV  
  109  8:59  SCV  
  118  9:07  Marine, SCV  
  118  9:08  SCV  
  121  9:11  SCV  
  121  9:13  Marine x3  
  125  9:17  Supply Depot  
  125  9:18  Supply Depot x2  
  125  9:20  Supply Depot  
  125  9:21  Marine x2, SCV x2, Siege Tank  
  125  9:23  SCV  
  133  9:25  Refinery  
  133  9:27  Sensor Tower  
  133  9:28  Marine x2, Terran Infantry Weapons Level 1  
  133  9:29  Supply Depot  
  133  9:31  Marine x3  
  135  9:33  SCV x2  
  135  9:36  SCV  
  121  9:39  Marine x2  
  121  9:42  Terran Infantry Armor Level 1  
  116  9:49  Marine x4  
  119  9:53  Siege Tank  
  119  9:55  Missile Turret x2  
  119  9:56  Marine  
  119  9:57  Command Center  
  119  9:58  Armory, Medivac  
  125  10:00  Medivac  
  125  10:03  Barracks Reactor  
  125  10:07  Barracks Reactor, Marine x4  
  126  10:11  Bunker  
  130  10:14  Marine  
  131  10:25  Marine x4, Siege Tank  
  131  10:26  Supply Depot  
  131  10:30  SCV  
  131  10:32  Marine  
  131  10:35  Medivac  
  118  10:41  Marine  
  102  10:43  Marine x4  
  106  10:50  Marine  
  106  10:51  Marine x2  
  106  10:53  Marine, SCV  
  106  10:54  SCV  
  111  10:57  Siege Tank  
  111  10:58  Marine, Command Center  
  111  11:00  Marine  
  111  11:01  Marine x3  
  119  11:08  Marine x2  
  119  11:09  Marine  
  122  11:12  Marine, Medivac x2  
  122  11:16  Marine  
  122  11:17  Missile Turret, Factory  
  128  11:18  Marine x4  
  132  11:25  Marine  
  132  11:26  Marine x2  
  132  11:28  Sensor Tower  
  132  11:29  Siege Tank  
  132  11:30  Marine  
  137  11:34  Marine  
  137  11:36  Marine x4  
  137  11:38  Terran Infantry Armor Level 2, Terran Infantry Weapons Level 2  
  139  11:43  Marine  
  139  11:44  Marine  
  139  11:46  Marine  
  142  11:49  Marine  
  142  11:53  Terran Vehicle Weapons Level 1  
  142  11:54  Marine  
  142  11:55  Marine  
  142  11:56  Marine x3, SCV  
  142  11:58  SCV  
  149  12:01  Marine  
  149  12:02  Marine, Siege Tank  
  149  12:04  Marine  
  149  12:06  Factory Tech Lab  
  155  12:10  Marine  
  155  12:11  SCV  
  155  12:13  Marine  
  155  12:14  SCV  
  159  12:15  Refinery  
  159  12:16  SCV  
  159  12:17  Marine x4  
  159  12:18  Sensor Tower  
  159  12:19  Refinery  
  159  12:20  Marine x2  
  159  12:22  Marine  
  167  12:26  Supply Depot  
  165  12:34  Marine, Siege Tank  
  167  12:38  Planetary Fortress  
  167  12:42  Marine x6  
  167  12:43  Marine  
  174  12:44  Marine  
  178  12:51  Siege Tank  
  178  12:52  Marine  
  179  12:59  Marine  
  179  13:00  Marine  
  181  13:06  Siege Tank  
  181  13:08  Marine  
  181  13:11  Marine  
  184  13:12  Command Center  
  184  13:15  Viking x2  
  184  13:19  Marine  
  189  13:22  Marine  
  189  13:24  Marine  
  189  13:25  Marine x4  
  189  13:26  Marine  
  196  13:36  Marine  
  196  13:37  Starport  
  196  13:38  Starport  
  196  13:40  Marine  
  196  13:41  Marine  
  191  13:42  Marine x2  
  191  13:43  Marine  
  191  13:46  Marine  
  195  13:58  Marine  
  195  14:00  Marine  
  194  14:05  Marine  
  194  14:09  Marine  
  193  14:18  Medivac  
  193  14:19  Medivac  
  193  14:21  Terran Infantry Weapons Level 3  
  193  14:22  Command Center  
  192  14:28  Marine  
  169  14:32  Marine  
  169  14:38  Marine x7  
  159  14:40  Siege Tank  
  158  14:46  Marine  
  158  14:48  Medivac  
  158  14:49  Viking  
  158  14:50  Marine  
  163  14:55  Marine  
  163  14:56  Marine x6  
  163  14:59  Terran Vehicle Weapons Level 2  
  166  15:04  Starport Reactor  
  166  15:08  Marine  
  166  15:09  Armory  
  166  15:10  Starport Reactor  
  166  15:17  Marine x6  
  166  15:23  Medivac  
  166  15:24  Medivac  
  170  15:30  Marine  
  170  15:33  Marine  
  158  15:37  Marine  
  158  15:41  Marine x6  
  153  15:47  Medivac  
  153  15:48  Marine  
  152  15:51  Marine  
  152  15:55  Marine  
  115  15:58  Marine x2  
  115  15:59  Marine x4  
  115  16:03  Siege Tank  
  110  16:05  Planetary Fortress  
  110  16:06  Marine  
  110  16:08  Marine  
  112  16:13  Marine, Siege Tank  
  112  16:16  Marine x2  
  112  16:18  Medivac  
  122  16:20  Marine  
  122  16:21  Marine x3  
  122  16:24  Orbital Command  
  124  16:30  Fusion Core  
  124  16:33  Marine x3  
  124  16:34  Marine x2  
  124  16:36  Siege Tank  
  124  16:38  Marine  
  133  16:43  Marine x3, Medivac x2  
  140  16:51  Marine x3  
  140  16:52  Marine x2  
  143  16:56  Marine, Siege Tank  
  138  17:01  Marine x3  
  128  17:09  Marine x3  
  128  17:10  Marine x2  
Show
View Real Time Build Order
Export as new Build Order

Clem Terran - Winner!

Build Orders:  

Get SALT Encoding   

  12  0:00  SCV  
  13  0:12  SCV  
  14  0:16  Supply Depot  
  14  0:24  SCV  
  15  0:38  SCV  
  15  0:39  Barracks  
  16  0:43  Refinery  
  16  0:50  SCV  
  16  0:52  Refinery  
  17  1:02  SCV  
  18  1:14  SCV  
  19  1:26  Reaper  
  19  1:27  Orbital Command  
  19  1:29  Supply Depot  
  20  1:42  Factory  
  20  1:52  SCV  
  21  2:04  Barracks Reactor, SCV  
  22  2:16  SCV  
  23  2:24  Command Center  
  23  2:28  SCV  
  24  2:37  Starport  
  24  2:43  Hellion  
  26  2:45  Hellion  
  26  2:49  Supply Depot  
  28  2:53  SCV  
  28  2:55  Barracks Tech Lab  
  29  3:05  Hellion  
  31  3:10  SCV  
  31  3:11  Hellion  
  34  3:15  Medivac  
  36  3:22  Refinery  
  36  3:23  SCV  
  37  3:35  Marine x2, SCV  
  37  3:37  Orbital Command  
  40  3:44  Cyclone  
  40  3:46  Starport Tech Lab  
  43  3:48  SCV  
  43  3:54  Marine x2  
  46  4:00  SCV  
  47  4:05  SCV  
  48  4:10  Supply Depot  
  48  4:11  Raven  
  48  4:12  SCV  
  51  4:19  Siege Tank  
  54  4:31  Marine x2  
  54  4:32  SCV  
  54  4:35  SCV  
  54  4:36  Supply Depot  
  58  4:44  SCV  
  58  4:49  Command Center  
  58  4:53  SCV  
  58  4:55  Raven  
  58  4:57  SCV  
  60  5:01  Supply Depot  
  60  5:06  Siege Tank  
  63  5:07  SCV  
  63  5:10  SCV  
  61  5:14  Supply Depot  
  62  5:21  SCV  
  62  5:23  SCV  
  62  5:25  Marine x2  
  65  5:30  Refinery  
  65  5:33  SCV  
  66  5:37  SCV  
  66  5:38  Raven  
  66  5:39  Supply Depot, Siege Tank  
  72  5:43  Barracks  
  72  5:44  Barracks  
  72  5:47  Marine x2  
  72  5:48  SCV  
  75  5:50  SCV  
  76  6:00  SCV  
  76  6:01  Orbital Command  
  76  6:02  SCV  
  77  6:11  Siege Tank  
  80  6:12  SCV  
  80  6:14  Supply Depot  
  80  6:16  SCV  
  82  6:20  Orbital Command, Engineering Bay  
  82  6:21  Engineering Bay  
  81  6:27  SCV  
  81  6:29  Marine  
  81  6:30  Barracks Reactor, Stimpack  
  81  6:31  SCV  
  84  6:33  Barracks Reactor  
  84  6:35  Viking  
  84  6:36  Viking  
  84  6:39  SCV  
  79  6:47  Marine, SCV  
  79  6:50  Siege Tank  
  72  6:55  SCV  
  72  6:56  SCV  
  72  6:59  Terran Infantry Armor Level 1, Terran Infantry Weapons Level 1  
  74  7:04  Marine  
  74  7:08  Barracks  
  75  7:09  Viking  
  75  7:10  Barracks  
  75  7:11  Viking  
  75  7:12  Marine x2  
  75  7:13  Orbital Command  
  75  7:14  Marine  
  75  7:15  Marine  
  83  7:19  SCV  
  83  7:20  SCV  
  83  7:22  Marine  
  85  7:26  Siege Tank  
  89  7:30  Marine x2  
  89  7:33  SCV  
  89  7:34  SCV  
  90  7:37  Marine  
  90  7:38  Marine  
  90  7:40  Marine  
  90  7:45  SCV  
  90  7:48  Marine x2, SCV  
  83  7:54  Viking  
  83  7:55  Marine x2  
  84  7:59  Marine, Orbital Command, Factory  
  84  8:01  Marine  
  86  8:05  Marine  
  86  8:08  Marine, Medivac  
  86  8:11  Combat Shield  
  90  8:13  Marine, Barracks  
  90  8:15  SCV x2  
  93  8:23  Marine x2  
  95  8:27  SCV  
  95  8:28  Medivac  
  95  8:30  Marine  
  95  8:31  Marine  
  98  8:35  Supply Depot  
  98  8:36  Supply Depot, SCV  
  98  8:37  Marine  
  99  8:51  Marine, Factory Tech Lab  
  99  8:52  Marine x4  
  99  8:55  Marine, SCV x2  
  102  8:58  SCV  
  102  9:00  Marine  
  104  9:09  Marine x2, Medivac  
  106  9:10  Marine x3, Armory  
  106  9:13  Marine  
  108  9:17  Marine, Siege Tank  
  108  9:20  SCV  
  108  9:21  SCV  
  108  9:22  SCV  
  115  9:26  Marine  
  115  9:27  Marine x4  
  115  9:30  Supply Depot  
  115  9:31  Marine  
  120  9:33  SCV  
  120  9:34  SCV  
  120  9:35  SCV  
  113  9:44  Marine  
  113  9:45  Marine x3, SCV  
  111  9:47  Supply Depot  
  111  9:48  Barracks Reactor  
  111  9:49  Barracks Reactor, Marine  
  111  9:51  Siege Tank  
  117  9:56  Refinery x2  
  117  10:02  Marine  
  117  10:05  Factory  
  118  10:07  Terran Infantry Weapons Level 2  
  118  10:09  Sensor Tower  
  118  10:11  Marine x2, Supply Depot  
  118  10:12  Marine x2  
  122  10:15  SCV  
  122  10:18  Medivac x2  
  127  10:22  Marine  
  127  10:27  Marine  
  127  10:28  Marine  
  122  10:29  Marine  
  122  10:32  Marine x2  
  122  10:33  Marine  
  119  10:36  Siege Tank  
  119  10:37  Marine  
  119  10:40  Marine x2  
  114  10:48  Marine x2, Medivac x2  
  114  10:49  Factory Tech Lab, Command Center  
  119  10:51  Marine  
  119  10:52  Marine  
  119  10:54  Marine x2  
  123  10:57  Marine  
  123  10:58  Marine x2  
  123  10:59  Terran Infantry Armor Level 2  
  123  11:02  Terran Vehicle Weapons Level 1  
  126  11:05  Marine  
  126  11:07  Supply Depot  
  126  11:09  Supply Depot  
  126  11:10  Siege Tank  
  130  11:12  Marine x2  
  130  11:14  Marine  
  130  11:17  Siege Tank  
  136  11:18  Marine  
  136  11:19  Marine  
  136  11:20  Marine  
  136  11:21  Marine  
  136  11:23  Marine  
  140  11:27  Supply Depot  
  140  11:29  Marine  
  140  11:30  Marine  
  140  11:31  Supply Depot  
  140  11:32  Marine x2  
  142  11:36  Marine  
  145  11:40  Viking x2  
  148  11:48  Siege Tank  
  148  11:49  Marine  
  148  11:50  Marine  
  148  11:52  Marine  
  154  11:55  Siege Tank  
  154  11:57  Barracks Reactor  
  154  11:58  Sensor Tower  
  154  12:00  SCV x2  
  154  12:01  SCV  
  160  12:07  Marine  
  160  12:09  Marine x2  
  160  12:11  Marine x2  
  160  12:13  Viking  
  160  12:14  Viking  
  168  12:20  Siege Tank  
  170  12:25  Marine x2  
  170  12:27  Planetary Fortress  
  172  12:31  Marine x2, Siege Tank  
  177  12:39  Terran Infantry Weapons Level 3  
  177  12:40  Marine x3  
  177  12:41  Marine  
  181  12:45  SCV x3  
  181  12:47  Marine  
  181  12:49  Marine  
  182  12:57  SCV x2  
  182  12:58  SCV  
  185  13:00  Marine x2  
  185  13:03  Siege Tank  
  185  13:05  Marine x3  
  192  13:06  Refinery  
  192  13:07  Marine x2  
  192  13:08  Terran Vehicle Weapons Level 2  
  192  13:10  SCV  
  196  13:19  Command Center  
  194  13:21  Marine x2  
  196  13:27  Refinery  
  196  13:39  Starport  
  196  13:43  Starport  
  196  13:45  Marine x4  
  196  13:48  Missile Turret x2  
  200  13:49  Missile Turret  
  200  13:52  Terran Infantry Armor Level 3  
  200  13:57  Siege Tank  
  200  13:58  Marine x2  
  200  13:59  Viking  
  200  14:00  Marine, Viking  
  200  14:02  Marine  
  196  14:03  Marine x2, SCV  
  196  14:08  Marine x2  
  195  14:13  Supply Depot  
  195  14:14  Supply Depot x2  
  195  14:15  Supply Depot  
  186  14:26  Starport Tech Lab  
  172  14:35  Marine x6, Medivac, Siege Tank x2  
  147  14:40  Viking x2  
  150  14:45  Marine  
  150  14:52  Marine x2  
  148  14:54  Marine  
  148  14:57  Marine x2  
  148  14:58  Marine x3  
  147  15:01  Raven  
  147  15:04  Marine  
  147  15:05  Marine, Viking  
  153  15:07  Siege Tank  
  153  15:08  Siege Tank  
  153  15:10  Marine  
  153  15:11  Marine  
  153  15:13  Marine  
  162  15:15  Marine  
  162  15:17  Marine  
  162  15:20  Supply Depot  
  164  15:21  Supply Depot  
  164  15:22  Supply Depot  
  164  15:27  Missile Turret  
  161  15:36  Viking  
  161  15:41  Viking  
  161  15:42  Siege Tank  
  168  15:43  Marine x2  
  168  15:45  Marine x2  
  168  15:46  Siege Tank  
  168  15:49  Raven  
  177  15:50  Marine  
  177  15:54  Marine  
  177  15:55  Marine x2  
  155  15:58  Marine x2  
  155  16:00  Marine, SCV  
  155  16:01  Marine  
  155  16:04  Planetary Fortress  
  152  16:09  SCV  
  153  16:12  Raven  
  153  16:14  Siege Tank  
  153  16:18  Marine x5, Sensor Tower  
  163  16:41  Refinery  
  163  16:42  Refinery, Missile Turret  
  163  16:44  Siege Tank  
  166  16:47  Marine  
  166  16:50  Marine  
  166  16:52  Marine  
  169  16:54  Marine x2  
  163  17:08  Marine x2  
  163  17:09  Marine x2  
  163  17:10  Marine x2  
  163  17:11  Marine x2  
  163  17:12  Marine x2  
  173  17:17  SCV  
  173  17:18  Sensor Tower  

Tags
 
Add a new tag
Caveats
  • Supply blocks, unpowered buildings, or Contaminate may cause inaccurate times.
  • Supply counts are checked every 10 seconds.